 Dungeon Crawl Stone Soup version 0.27-a0-1438-g9b7c6745da (webtiles) character file.

Game seed: 9636275994246453263

200 AarnesTheHuman the Chiller (level 5, -2/41 HPs)
             Began as a Merfolk Ice Elementalist on July 4, 2021.
             Was a Follower of Uskayaw.
             Slain by a gnoll (8 damage)
             ... on level 4 of the Dungeon.
             The game lasted 00:07:44 (3721 turns).

AarnesTheHuman the Chiller (MfIE)                   Turns: 3721, Time: 00:07:45

Health: -2/41      AC:  3    Str: 10    XL:     5   Next: 79%
Magic:  8/9        EV: 13    Int: 14    God:    Uskayaw [*.....]
Gold:   203        SH:  0    Dex: 14    Spells: 5/9 levels left

rFire    . . .     SeeInvis .   b - +0 spear
rCold    . . .     Faith    .   (no shield)
rNeg     . . .     Spirit   .   a - +0 robe
rPois    .         Reflect  .   h - +0 helmet
rElec    .         Harm     .   (no cloak)
rCorr    .         Rampage  .   (no gloves)
Will     .....                  (no boots)
Stlth    ++........             (no amulet)
HPRegen  0.13/turn              (no ring)
MPRegen  0.11/turn              (no ring)

@: no status effects
A: (nimble swimmer 2), mertail
a: Renounce Religion, Stomp


You were on level 4 of the Dungeon.
You worshipped Uskayaw.
Uskayaw was noncommittal.
You visited 1 branch of the dungeon, and saw 4 of its levels.

You collected 203 gold pieces.

Inventory:

Hand Weapons
 b - a +0 spear (weapon)
Missiles
 e - 109 stones
Armour
 a - a +0 robe (worn)
 h - a +0 helmet (worn)
Scrolls
 c - 2 scrolls of identify {unknown}
 d - a scroll of enchant armour {unknown}
 f - a scroll of teleportation {unknown}
 i - a scroll of noise {unknown}
Potions
 g - 2 potions of curing {unknown}


   Skills:
 * Level 3.4 Fighting
 + Level 1.8 Polearms
 + Level 4.0 Dodging
 - Level 2.1 Stealth
 + Level 2.8 Spellcasting
 + Level 5.0 Ice Magic


You had 5 spell levels left.
You knew the following spells:

 Your Spells              Type           Power      Damage    Failure   Level
a - Freeze                Ice            64%        1d8       2%          1
b - Frozen Ramparts       Ice            32%        1d5       9%          3

Your spell library contained the following spells:

 Spells                   Type           Power      Damage    Failure   Level
 Ozocubu's Armour         Ice            16%        N/A       9%          3
 Hailstorm                Conj/Ice       9%         3d4       58%         4
 Malign Gateway           Summ/Tloc      1%         N/A       100%        7
 Summon Horrible Things   Summ           1%         N/A       100%        8


Dungeon Overview and Level Annotations

Branches:
Dungeon (3/15)

Altars:
Fedhas
Okawaru
Uskayaw


Innate Abilities, Weirdness & Mutations

((You are quick and stealthy near water. (Stealth+, EV+, Speed+++)))
Your lower body shifts to a powerful aquatic tail in water.


Message History

The gnoll is heavily wounded.
The gnoll barely misses you.
You hit the gnoll but do no damage.
The gnoll is heavily wounded.
The gnoll hits you with a +0 flail.
You hit the gnoll.
The gnoll is heavily wounded.
The gnoll hits you with a +0 flail! The gnoll misses you.
You hit the gnoll.
The gnoll is heavily wounded.
The gnoll barely misses you. The gnoll misses you.
You closely miss the gnoll.
The gnoll is heavily wounded.
The gnoll barely misses you.
The gnoll hits you from afar with a +0 spear.
You barely miss the gnoll.
The gnoll is heavily wounded.
The gnoll hits you with a +0 flail!
The gnoll hits you from afar with a +0 spear.
You hit the gnoll.
You kill the gnoll!
The gnoll hits you from afar with a +0 spear.
You can now stomp with the beat.
You barely miss the gnoll. The gnoll hits you with a +0 whip.
* * * LOW HITPOINT WARNING * * *
The gnoll barely misses you.
You closely miss the gnoll. The gnoll hits you with a +0 whip.
* * * LOW HITPOINT WARNING * * *
The gnoll barely misses you.
Casting: Freeze (safe; 2% risk of failure)
Confirm with . or Enter, or press ? or * to list all spells.
Aiming: Freeze (safe; 2% risk of failure)
Press: ? - help, Shift-Dir - straight line, f - gnoll
Aim: a gnoll, wielding a +0 whip You freeze the gnoll.
The gnoll is moderately wounded.
The gnoll hits you with a +0 whip.
* * * LOW HITPOINT WARNING * * *
The gnoll hits you from afar with a +0 spear!
You die...

..###.##########.#
......# #.# #.#####
#######.# #..
..>.....##### ####
######......#
#######..###.#
>........# #.#
.........# #.#
.#######@# #.#
.#######g# #.#
........g# #.#
.######..# #.# #
.........# #.# ..#
.######..# #.. .g..##
#..# ......# #..#
.......######..########n


You could see 2 gnolls.

Vanquished Creatures
  A jelly (D:4)
  A hound (D:4)
  A gnoll (D:4)
  4 adders
  An ufetubus (D:4)
  An adder skeleton (D:4)
  2 worms
  2 dart slugs
  3 orcs (D:4)
  5 bats
  5 endoplasms
  5 giant cockroaches
  4 goblins
  4 hobgoblins
  12 jackals
  6 kobolds
  3 quokkas
  4 ball pythons
  8 rats
72 creatures vanquished.

Vanquished Creatures (others)
  5 toadstools (D:1)
5 creatures vanquished.

Grand Total: 77 creatures vanquished

Notes
Turn   | Place    | Note
-------+----------+-------------------------------------------
     0 | D:1      | AarnesTheHuman the Merfolk Ice Elementalist began the quest
                  | for the Orb.
     0 | D:1      | Reached XP level 1. HP: 13/13 MP: 3/3
   228 | D:1      | Reached skill level 1 in Fighting
   228 | D:1      | Reached XP level 2. HP: 19/21 MP: 3/5
   853 | D:1      | Reached XP level 3. HP: 23/26 MP: 0/6
  1694 | D:2      | Learned a level 3 spell: Frozen Ramparts
  1967 | D:2      | Reached XP level 4. HP: 15/33 MP: 0/7
  3194 | D:2      | You fall into a shaft and drop 2 floors!
  3199 | D:4      | Reached skill level 1 in Polearms
  3199 | D:4      | Reached XP level 5. HP: 36/41 MP: 4/9
  3273 | D:4      | Reached skill level 5 in Ice Magic
  3292 | D:4      | HP: 2/41 [adder skeleton (4)]
  3675 | D:4      | Found an iron altar of Okawaru.
  3676 | D:4      | Found a hide-covered altar of Uskayaw.
  3678 | D:4      | Found a blossoming altar of Fedhas.
  3684 | D:4      | Became a worshipper of Uskayaw the Reveller
  3699 | D:4      | Noticed a necrophage
  3718 | D:4      | Reached * piety under Uskayaw
  3721 | D:4      | Slain by a gnoll

Illustrated notes

Levels and vault maps discovered:
D:1:      nzn_arrival_water_spiral, layout_loops_corners, serial_forest,
          infiniplex_forest_straight_5, infiniplex_forest_straight_4,
          infiniplex_forest_end_1, infiniplex_forest_straight_2,
          infiniplex_forest_clump_tiny, infiniplex_forest_lined_room_2,
          infiniplex_forest_straight_1, infiniplex_forest_clump_small,
          minmay_gold_behind_fungi
D:2:      layout_basic
D:3:      layout_basic, tso_oasis_becter, minivault_23
D:4:      kennysheep_spiral_hall, layout_loops_ring, general_overflow_altar,
          chequers_temple_overflow_statue_of_worship, minmay_joined_circles

Skill      XL: |  1  2  3  4  5 |
---------------+----------------+-----
Fighting       | 1 2 3 |  3.4
Dodging        | 3 4 |  4.0
Polearms       | 1 |  1.8
Ice Magic      | 5 |  5.0
Stealth        | |  2.1
Spellcasting   | |  2.8

Action                   |  1- 3 |  4- 6 || total
-------------------------+-------+-------++-------
Melee: Spear             |   115 |   157 ||   272
 Cast: Freeze            |    34 |    23 ||    57
 Stab: Sleeping          |    14 |     2 ||    16
Armor: Robe              |    19 |    35 ||    54
Dodge: Dodged            |    77 |   127 ||   204

Table legend: (Time is in decaauts)
 A = Elapsed time spent in this place.
 B = Non-inter-level travel time spent in this place.
 C = Inter-level travel time spent in this place.
 D = Time resting spent in this place.
 E = Time spent auto-exploring this place.
 F = Levels seen in this place.
 G = Mean time per level.
                   A        B        C        D        E       F      G
               +--------+--------+--------+--------+--------+-----+--------+
         Total |   3734 |   3704 |     30 |   1422 |   1601 |   4 |  933.5 |
       Dungeon |   3734 |   3704 |     30 |   1422 |   1601 |   4 |  933.5 |
               +--------+--------+--------+--------+--------+-----+--------+

Top non-repeatable levels by time:
     D:1: 1577 daAuts
     D:2: 1231 daAuts
     D:4: 528 daAuts
     D:3: 397 daAuts
